 Dungeon Crawl Stone Soup version 0.18-a0-1797-gc18daef (webtiles) character file.

190 macross the Skirmisher (level 5, -11/63 HPs)
             Began as a Demonspawn Berserker on Apr 22, 2016.
             Was a Priest of Trog.
             Killed by divine providence
             ... invoked by an orc priest
              (14 damage)
             ... on level 3 of the Dungeon.
             The game lasted 00:12:41 (3234 turns).

macross the Skirmisher (Demonspawn Berserker)       Turns: 3234, Time: 00:12:41

Health: -11/63     AC:  4    Str: 24    XL:     5   Next: 41%
Magic:  5/5        EV: 18    Int:  8    God:    Trog [***...]
Gold:   181        SH:  0    Dex: 17    Spells: 0 memorised, 4 levels left

rFire  + . .     SeeInvis .     f - -3 rapier (curse)
rCold  x . .     Gourm    .     q - +0 leather armour
rNeg   . . .     Faith    .     (no shield)
rPois  .         Spirit   .     (no helmet)
rElec  .         Dismiss  .     (no cloak)
rCorr  .         Reflect  .     (no gloves)
SustAt .         Harm     .     (no boots)
MR     .....                    (no amulet)
Stlth  ..........               (no ring)
                                c - ring of fire

@: agile, berserking (expiring), very quick, not resistant to hostile
enchantments, extremely unstealthy
A: icy blue scales 1, powered by pain 1, rot immunity
a: Berserk, Trog's Hand, Burn Spellbooks, Renounce Religion


You were on level 3 of the Dungeon.
You worshipped Trog.
Trog was most pleased with you.
You were not hungry.

You visited 1 branch of the dungeon, and saw 3 of its levels.

You collected 181 gold pieces.

Inventory:

Hand Weapons
 a - a +0 hand axe
 f - a cursed -3 rapier (weapon)
 j - a +0 hand axe
 k - a +0 great sword
Armour
 b - a +0 animal skin
 h - a +0 leather armour
 q - a +0 leather armour (worn)
Jewellery
 c - a ring of fire (left hand)
Scrolls
 e - a scroll of random uselessness
Potions
 d - a potion of cancellation
 g - 2 potions of curing
 i - a potion of heal wounds
 m - a potion of flight {unknown}
 o - a potion of might {unknown}
 p - a potion of berserk rage {unknown}


   Skills:
 + Level 3.7 Fighting
 + Level 0.1(0.3) Short Blades
 + Level 0.5 Long Blades
 + Level 3.2 Axes
 + Level 2.5 Armour
 + Level 3.3 Dodging
 + Level 1.6 Stealth


You had 4 spell levels left.
You didn't know any spells.

Dungeon Overview and Level Annotations

Branches:
Dungeon (3/15)

Altars:
Ashenzari
Dithmenos
Elyvilon
Fedhas
Makhleb
Pakellas
Trog


Innate Abilities, Weirdness & Mutations

You are partially covered in icy blue scales (AC +1).
You sometimes gain a little power by taking damage.
You are immune to rotting.


Message History

You hit the orc priest.
The orc priest is moderately wounded.
The orc priest hits you with a mace.
* * * LOW HITPOINT WARNING * * *
You puncture the orc priest!
The orc priest is severely wounded.
You hear some strange, mumbled words.
A puff of frost appears from out of thin air!
The puff of frost hits you!
You feel a terrible chill!
* * * LOW HITPOINT WARNING * * *
You focus on the pain.
You feel agile all of a sudden.
You are too berserk!
Unknown command.
You are too berserk!
You closely miss the orc priest.
The orc priest is severely wounded.
The orc priest calls down the wrath of Beogh upon you.
Beogh smites you!
You die...

#.# ###.####
.......# #########
#......# #.......#
##...#.# #.#####.#
##.##.####.#####.#
#.##.....(...##.#
#.#######.##.##.####
#'# ##.#...@)...# ..
#.....o#.##.#
#........# #
#.##.....#
#......#.# .........
###...##.## ##.. ..
##. #


You could see an orc priest.

Vanquished Creatures
  An orc priest (D:3)
  2 orc wizards (D:3)
  Robin (D:2)
  2 adders
  A worm (D:3)
  4 dart slugs
  2 giant geckos (D:1)
  4 orcs (D:3)
  9 bats
  4 giant cockroaches
  6 hobgoblins
  3 jackals (D:3)
  4 kobolds
  A ball python (D:2)
  2 giant newts
  14 goblins
  5 rats
65 creatures vanquished.

Notes
Turn   | Place    | Note
--------------------------------------------------------------
     0 | D:1      | macross the Demonspawn Berserker began the quest for the Orb.
     0 | D:1      | Reached XP level 1. HP: 18/18 MP: 1/1
   199 | D:1      | Gained mutation: You sometimes gain a little power by taking damage. [demonic ancestry]
   199 | D:1      | Reached XP level 2. HP: 6/24 MP: 2/2
  1239 | D:1      | Gained mutation: You are immune to rotting. [demonic ancestry]
  1239 | D:1      | Reached XP level 3. HP: 26/29 MP: 3/3
  1619 | D:2      | Reached ** piety under Trog
  1766 | D:2      | Noticed Robin
  1808 | D:2      | Killed Robin
  2123 | D:2      | Found a white marble altar of Elyvilon.
  2352 | D:2      | Found a blossoming altar of Fedhas.
  2431 | D:2      | Gained mutation: You are partially covered in icy blue scales (AC +1). [demonic ancestry]
  2431 | D:2      | Reached XP level 4. HP: 29/35 MP: 4/4
  2639 | D:3      | Found a shadowy altar of Dithmenos.
  2649 | D:3      | Found a bloodstained altar of Trog.
  2660 | D:3      | Found an oddly glowing altar of Pakellas.
  2760 | D:3      | Reached skill level 1 in Stealth
  2883 | D:3      | Reached XP level 5. HP: 26/42 MP: 5/5
  2884 | D:3      | Reached *** piety under Trog
  3152 | D:3      | Found a shattered altar of Ashenzari.
  3152 | D:3      | Found a burning altar of Makhleb.
  3232 | D:3      | HP: 2/63 [something/puff of frost (12)]
  3234 | D:3      | Killed from afar by an orc priest

Vault maps used:
D:1:      minmay_arrival_loop
D:2:      lemuel_coloured_pillars_altar, marbit_many_paths, uniq_robin
D:3:      amethyst_overflow_temple_binary, grunt_temple_overflow_diamond

Skill      XL: |  1  2  3  4 |
---------------+-------------+-----
Axes           | 3 |  3.2
Dodging        | 2 3 |  3.3
Armour         | 2 |  2.5
Stealth        | 1 |  1.6
Fighting       | |  3.7
Short Blades   | |  0.1
Long Blades    | |  0.5

Action                   |  1- 3 |  4- 6 || total
-------------------------+-------+-------++-------
Melee: Hand axe          |   111 |       ||   111
       Great sword       |    38 |    14 ||    52
       Rapier            |       |    81 ||    81
Invok: Berserk           |     3 |     2 ||     5
  Use: Scroll            |     3 |     3 ||     6
       Potion            |     1 |       ||     1
 Stab: Sleeping          |     1 |       ||     1
  Eat: Bread ration      |     3 |       ||     3
Armor: Animal skin       |    26 |       ||    26
       Leather armour    |    19 |    36 ||    55
Dodge: Dodged            |   140 |    66 ||   206
